 Dungeon Crawl Stone Soup version 0.24-a0-272-g1411513 (webtiles) character file.

Game seed: 3925834965429191682

48007 tilp the Destroyer (level 14, -4/132 HPs)
             Began as a Tengu Air Elementalist on Apr 23, 2019.
             Was a High Priest of Vehumet.
             Slain by a spiny frog (14 damage)
             ... on level 5 of the Lair of Beasts on Apr 25, 2019.
             The game lasted 01:50:52 (27935 turns).

tilp the Destroyer (Tengu Air Elementalist)        Turns: 27935, Time: 01:50:53

Health: -4/132     AC:  9    Str: 18    XL:     14   Next: 44%
Magic:  13/31      EV: 18    Int: 24    God:    Vehumet [*****.]
Gold:   1192       SH:  4    Dex: 11    Spells: 6/37 levels left

rFire    . . .     SeeInvis .   w - +3 scimitar (flame)
rCold    + + +     Gourm    .   x - +0 buckler
rNeg     + . .     Faith    .   m - +1 ring mail of Otsun {rC++ rN+ Int+4 Dex-5}
rPois    +         Spirit   .   (helmet restricted)
rElec    .         Reflect  .   D - +2 cloak
rCorr    .         Harm     .   q - -1 pair of gloves of Wuerchao {Str+3 Dex+2}
MR       +....                  (boots unavailable)
Stlth    ..........             (no amulet)
HPRegen  0.32/turn              j - ring of protection from cold
MPRegen  0.22/turn              y - ring of poison resistance

@: berserking, lethally poisoned (-4 -> -8), flying quickly and evasively, very
slightly contaminated, very quick
A: beak, talons 3, able to fly
a: Stop Flying, Renounce Religion


You were on level 5 of the Lair of Beasts.
You worshipped Vehumet.
Vehumet was extremely pleased with you.
You were hungry.

You visited 3 branches of the dungeon, and saw 18 of its levels.
You also visited: Ice Cave.

You collected 1324 gold pieces.
You spent 132 gold pieces at shops.

Inventory:

Hand Weapons
 g - a +4 bardiche
 l - a +2 glaive of freezing
 t - a cursed +5 trident
 w - a +3 scimitar of flaming (weapon)
 C - a +4 great mace
Missiles
 o - 3 steel javelins
 v - 8 javelins of returning (quivered)
 E - 3 throwing nets
 H - 8 tomahawks
 J - 2 javelins
 O - 4 javelins of penetration
Armour
 h - a scarf of cloud immunity
 m - the +1 ring mail of Otsun (worn) {rC++ rN+ Int+4 Dex-5}
   (You found it on level 7 of the Dungeon)

   It affects your intelligence (+4).
   It affects your dexterity (-5).
   It greatly protects you from cold.
   It protects you from negative energy.
 q - the -1 pair of gloves of Wuerchao (worn) {Str+3 Dex+2}
   (You acquired it on level 10 of the Dungeon)

   It affects your strength (+3).
   It affects your dexterity (+2).
 x - a +0 buckler (worn)
 D - a +2 cloak (worn)
 Q - a +0 pair of gloves
Magical Staves
 S - an uncursed staff of conjuration {unknown}
Jewellery
 j - a ring of protection from cold (left hand)
 y - a ring of poison resistance (right hand)
 K - an uncursed amulet of faith
Wands
 a - a wand of random effects (12)
 k - a wand of polymorph (6)
 p - a wand of iceblast (27)
 u - a wand of digging (14)
 z - a wand of disintegration (5)
 G - a wand of flame (28)
 T - a wand of acid (15)
Scrolls
 e - 6 scrolls of teleportation
 n - 8 scrolls of remove curse
 s - 3 scrolls of magic mapping
 A - 6 scrolls of enchant weapon
 B - 2 scrolls of immolation
 F - a scroll of amnesia
 L - a scroll of fear
 R - a scroll of silence {unknown}
 V - a scroll of vulnerability {unknown}
 X - 2 scrolls of identify
Potions
 d - a potion of resistance
 f - 6 potions of brilliance
 i - a potion of mutation
 r - a potion of curing
 I - 4 potions of lignification
 M - 2 potions of invisibility
 N - 5 potions of magic
 W - a potion of haste
Comestibles
 b - 9 chunks of flesh
 c - 19 rations


   Skills:
 - Level 10.0 Fighting
 - Level 10.0 Dodging
 - Level 5.2 Stealth
 - Level 4.0 Shields
 - Level 12.0 Spellcasting
 + Level 13.6 Conjurations
 - Level 2.1 Charms
 - Level 4.1 Ice Magic
 - Level 12.0 Air Magic
 - Level 4.2 Evocations


You had 6 spell levels left.
You knew the following spells:

 Your Spells              Type           Power        Failure   Level  Hunger
a - Shock                 Conj/Air       ####         1%          1    None
b - Swiftness             Chrm/Air       #####...     1%          2    None
c - Static Discharge      Conj/Air       ######..     1%          3    None
d - Airstrike             Air            ######....   1%          4    None
e - Ozocubu's Armour      Chrm/Ice       ####....     6%          3    None
f - Poison Arrow          Conj/Pois      #####.....   17%         6    #####..
g - Lightning Bolt        Conj/Air       ######....   1%          5    ###....
h - Spellforged Servitor  Conj/Summ      #####.....   65%         7    ######.

Your spell library contained the following spells:

 Spells                   Type           Power        Failure   Level  Hunger
 Bolt of Magma            Conj/Fire/Erth #####.....   9%          5    ###....
 Freeze                   Ice            ####         1%          1    None
 Throw Frost              Conj/Ice       ######       1%          2    None
 Force Lance              Conj/Tloc      #####...     1%          4    None
 Throw Icicle             Conj/Ice       ######..     1%          4    None
 Freezing Cloud           Conj/Ice/Air   ######....   5%          6    #####..
 Beastly Appendage        Tmut           ##....       8%          1    None
 Bolt of Cold             Conj/Ice       ######....   9%          6    #####..
 Sticks to Snakes         Tmut           ##......     12%         2    None
 Gell's Gravitas          Tloc           ##........   22%         3    None
 Portal Projectile        Hex/Tloc       ##....       22%         3    None
 Spider Form              Tmut/Pois      ##........   22%         3    None
 Ice Form                 Ice/Tmut       ###.....     32%         4    None
 Summon Ice Beast         Ice/Summ       ###.....     32%         4    None
 Ozocubu's Refrigeration  Ice            ####......   45%         6    #####..
 Metabolic Englaciation   Hex/Ice        ###.......   67%         5    ###....
 Blade Hands              Tmut           ##........   91%         5    ###....
 Simulacrum               Ice/Necr       ###.......   99%         6    #####..
 Dispersal                Tloc           ##........   100%        6    #####..
 Controlled Blink         Tloc           N/A          100%        8    #######
 Disjunction              Tloc           ##........   100%        8    #######


Dungeon Overview and Level Annotations

Branches:
Dungeon (11/15)            Temple (1/1) D:4            Lair (6/6) D:8
 Shoals (0/4) Lair:2       Spider (0/4) Lair:4        Slime (0/5) Lair:6
    Orc (0/2) D:11

Altars:
Ashenzari
Cheibriados
Dithmenos
Elyvilon
Fedhas
Gozag
Hepliaklqana
Kikubaaqudgha
Makhleb
Nemelex Xobeh
Okawaru
Qazlal
Ru
Sif Muna
Trog
Uskayaw
Vehumet
Wu Jian
Xom
Yredelemnul
Zin
The Shining One
Jiyva

Shops:
D:4 [*(   D:11 [[

Annotations:
Lair:2 exclusion: 2 oklob plants
Lair:6 exclusion: oklob plant


Innate Abilities, Weirdness & Mutations

You have a beak for a mouth.
You have claws for feet.
You can fly continuously.


Message History

You feel yourself speed up.
There is a stone staircase leading down here.
You feel much better. The spiny frog stings you!
You are poisoned.
The spiny frog poisons you!
A red film seems to cover your vision as you go berserk!
You feel yourself moving faster!
You feel mighty!
You feel sick. The spiny frog stings you!
* * * LOW HITPOINT WARNING * * *
You barely miss the spiny frog. The spiny frog stings you!
* * * LOW HITPOINT WARNING * * *
You slash the spiny frog! You burn the spiny frog. You claw the spiny frog.
Your peck misses the spiny frog.
The spiny frog is heavily wounded.
You feel sick. The spiny frog barely misses you. x2
You slash the spiny frog! You burn the spiny frog.
Your kick misses the spiny frog.
The spiny frog is almost dead.
You feel sick. The spiny frog stings you!
You die...

##....#P#......## #.#####..P
#P......#^....P# ### ####
#..........#..##
###........##.# #....P....###
####.........P#
#.............## ###
###............#####.########
##.P.......@..............#.
#..P...#P..F..#.............
#.##...##..P..#..PP.#...P.P.
#####....#...P#.####.####P#.
#....#.....#.###### ####
##..##P.....รท...### #
#.P##..P.#.?.....##
#.####............######
##.#........#..#...#.#...


You could see a spiny frog.

Vanquished Creatures
  A frost giant (IceCv)
  Harold (D:7)
  A hydra (Lair:3)
  Erica (D:7)
  5 death yaks
  A two-headed ogre (D:10)
  Urug (D:10)
  The ghost of xccam the Covered, a novice GnWn of Cheibriados (D:6)
  An ugly thing (D:10)
  4 elephants
  An ice statue (IceCv)
  Joseph (D:8)
  3 black mambas
  A gargoyle (D:10)
  11 spiny frogs
  A rime drake (Lair:1)
  5 komodo dragons
  2 jumping spiders (Lair:4)
  Prince Ribbit (D:7)
  14 polar bears (IceCv)
  17 blink frogs
  7 hippogriffs
  A shadow (D:7)
  A redback (Lair:4)
  76 yaks
  2 wyverns (Lair:4)
  A wraith (D:7)
  2 basilisks
  Grum (D:8)
  4 hungry ghosts
  2 vampire mosquitoes
  Menkaure (D:7)
  The ghost of Yorgos the Cutter, an amateur KoSk (D:3)
  A soldier ant (D:11)
  3 wargs (D:8)
  10 water moccasins
  9 porcupines
  5 ice beasts
  6 sky beasts
  2 black bears
  3 orc warriors
  5 phantoms
  An eye of draining (D:7)
  12 ogres
  13 wolves
  6 centaurs
  5 crocodiles
  A big kobold (D:10)
  17 bullfrogs
  A wyvern skeleton (D:11)
  2 water moccasin skeletons (D:7)
  2 scorpions
  11 killer bees
  3 electric eels
  3 wights (D:9)
  2 howler monkeys
  A bullfrog zombie (D:9)
  3 centaur zombies
  4 crimson imps
  7 orc priests
  7 hounds
  A bullfrog skeleton (D:10)
  7 orc wizards
  4 worker ants
  A howler monkey zombie (D:10)
  2 worker ant zombies (D:7)
  Robin (D:4)
  6 gnolls
  10 adders
  A howler monkey skeleton (D:11)
  2 shadow imps
  3 oozes
  2 adder skeletons (D:7)
  2 dart slugs
  7 leopard geckos
  50 orcs
  13 bats
  5 giant cockroaches
  15 goblins
  13 hobgoblins
  13 jackals
  12 kobolds
  8 quokkas
  2 ball pythons
  2 frilled lizards
  A leopard gecko skeleton (D:6)
  A quokka skeleton (D:7)
  8 rats
  A fungus (Lair:5)
511 creatures vanquished.

Vanquished Creatures (others)
  2 polar bears (IceCv)
  2 yaks (IceCv)
  4 wolves (IceCv)
  29 fungi
  80 plants
117 creatures vanquished.

Grand Total: 628 creatures vanquished

Notes
Turn   | Place    | Note
-------+----------+-------------------------------------------
     0 | D:1      | tilp the Tengu Air Elementalist began the quest for the
                  | Orb.
     0 | D:1      | Reached XP level 1. HP: 10/10 MP: 4/4
   154 | D:1      | Reached XP level 2. HP: 9/15 MP: 4/6
   440 | D:1      | Reached XP level 3. HP: 13/19 MP: 4/7
   625 | D:1      | Reached skill level 5 in Air Magic
  1051 | D:1      | Learned a level 2 spell: Swiftness
  1055 | D:1      | Learned a level 3 spell: Static Discharge
  1093 | D:2      | Found a hide-covered altar of Uskayaw.
  1166 | D:2      | Found a burning altar of Makhleb.
  1180 | D:2      | Reached XP level 4. HP: 3/24 MP: 2/9
  1474 | D:2      | Found a blossoming altar of Fedhas.
  1519 | D:2      | You fall through a shaft!
  1639 | D:3      | Found a shattered altar of Ashenzari.
  1861 | D:3      | Found an ornate altar of the Wu Jian Council.
  2213 | D:3      | Gained mutation: You can fly continuously. [Tengu growth]
  2213 | D:3      | Reached XP level 5. HP: 26/28 MP: 11/11
  2341 | D:3      | Found a large runed translucent door.
  2341 | D:3      | Found a large runed translucent door.
  2434 | D:3      | Noticed Yorgos's ghost (amateur KoSk)
  3195 | D:4      | Found Ugohevia's Antique Armour Shoppe.
  3201 | D:4      | Bought a buckler for 99 gold pieces
  3249 | D:4      | Found a staircase to the Ecumenical Temple.
  3267 | Temple   | Entered the Ecumenical Temple
  3332 | Temple   | Became a worshipper of Vehumet
  3376 | D:4      | Noticed Robin
  3465 | D:4      | Killed Robin
  3647 | D:4      | Learned a level 4 spell: Airstrike
  3673 | D:4      | Found Irrehemi's General Store.
  3682 | D:4      | Bought a potion of degeneration for 11 gold pieces
  3682 | D:4      | Bought a scroll of identify for 22 gold pieces
  3736 | D:4      | Reached XP level 6. HP: 30/32 MP: 6/13
  3783 | D:4      | Found Detapoob's Weapon Shop.
  4138 | D:5      | Entered Level 5 of the Dungeon
  4263 | D:5      | Noticed an ice beast
  4410 | D:5      | Noticed a phantom
  4411 | D:5      | Found a shadowy altar of Dithmenos.
  4411 | D:5      | Noticed an ice beast
  4469 | D:5      | Killed an ice beast
  4741 | D:5      | Reached skill level 1 in Shields
  4741 | D:5      | Reached XP level 7. HP: 30/36 MP: 2/14
  4996 | D:5      | Reached * piety under Vehumet
  4996 | D:5      | Offered knowledge of Flame Tongue by Vehumet.
  5104 | D:5      | Reached skill level 1 in Fighting
  5197 | D:5      | Reached XP level 8. HP: 44/44 MP: 2/15
  5839 | D:6      | Learned a level 3 spell: Ozocubu's Armour
  5868 | D:6      | Reached skill level 10 in Air Magic
  5874 | D:6      | Learned a level 1 spell: Freeze
  5940 | D:6      | Found a glowing golden altar of the Shining One.
  6147 | D:6      | Noticed xccam's ghost (novice GnWn)
  6148 | D:6      | Found a transporter.
  6148 | D:6      | Found a transporter.
  6193 | D:6      | Reached skill level 1 in Charms
  6514 | D:6      | Found a deep blue altar of Sif Muna.
  6625 | D:6      | Found a hazy altar of Hepliaklqana.
  6910 | D:7      | You fall through a shaft for 2 floors!
  7001 | D:9      | Found a sparkling altar of Nemelex Xobeh.
  7016 | D:9      | Reached skill level 1 in Evocations
  7016 | D:9      | Reached XP level 9. HP: 48/48 MP: 3/16
  7422 | D:7      | Reached skill level 5 in Spellcasting
  7758 | D:7      | Noticed Menkaure
  7762 | D:7      | Killed Menkaure
  7783 | D:7      | Reached ** piety under Vehumet
  7791 | D:7      | Offered knowledge of Throw Flame by Vehumet.
  7859 | D:7      | Noticed Prince Ribbit
  8148 | D:7      | Killed Prince Ribbit
  8274 | D:7      | Noticed Harold
  8288 | D:7      | Reached skill level 5 in Stealth
  8338 | D:7      | Got a warped ring mail
  8339 | D:7      | Identified the +1 ring mail of Otsun {rC++ rN+ Int+4 Dex-5}
                  | (You found it on level 7 of the Dungeon)
  8415 | D:7      | Reached XP level 10. HP: 51/54 MP: 7/20
  8484 | D:7      | Reached skill level 5 in Dodging
  8585 | D:7      | Found a burning altar of Makhleb.
  8677 | D:7      | Offered knowledge of Ignite Poison by Vehumet.
  8786 | D:7      | Found an iron altar of Okawaru.
  8817 | D:7      | Reached *** piety under Vehumet
  9055 | D:7      | Killed Harold
  9062 | D:7      | Learned a level 5 spell: Lightning Bolt
  9362 | D:8      | Noticed Erica
  9805 | D:7      | Killed Erica
 10005 | D:8      | Reached skill level 2 in Conjurations
 10131 | D:8      | Reached skill level 3 in Conjurations
 10155 | D:8      | Found a sacrificial altar of Ru.
 10236 | D:8      | Noticed Joseph
 10549 | D:8      | Reached skill level 4 in Conjurations
 10795 | D:8      | Offered knowledge of Fulminant Prism by Vehumet.
 10981 | D:8      | Found a shimmering altar of Xom.
 11079 | D:8      | Killed Joseph
 11263 | D:8      | Found a staircase to the Lair.
 11376 | D:8      | Reached XP level 11. HP: 61/61 MP: 5/21
 11472 | D:8      | Noticed Grum
 11526 | D:7      | HP: 1/61 [wolf[Grum] (8)]
 11814 | D:8      | Killed Grum
 12731 | D:9      | Reached **** piety under Vehumet
 12931 | D:9      | Reached skill level 5 in Fighting
 12933 | D:9      | Offered knowledge of Mephitic Cloud by Vehumet.
 12953 | D:8      | Learned a level 3 spell: Mephitic Cloud
 13442 | D:10     | Entered Level 10 of the Dungeon
 13550 | D:10     | Noticed a two-headed ogre
 13554 | D:10     | Killed a two-headed ogre
 13987 | D:10     | Noticed Urug
 13996 | D:10     | Killed Urug
 14611 | D:10     | Reached skill level 5 in Conjurations
 15117 | D:10     | Learned a level 4 spell: Throw Icicle
 15118 | D:11     | Noticed a purple ugly thing
 15170 | D:11     | Noticed a red ugly thing
 15175 | D:11     | Reached skill level 6 in Conjurations
 15282 | D:10     | Killed a red ugly thing
 15282 | D:10     | Reached skill level 7 in Conjurations
 15592 | D:10     | Identified a scroll of acquirement
 15595 | D:10     | Got a pair of ancient gloves
 15601 | D:10     | Identified the -1 pair of gloves of Wuerchao {Str+3 Dex+2}
                  | (You acquired it on level 10 of the Dungeon)
 15623 | D:10     | Reached skill level 8 in Conjurations
 15623 | D:10     | Reached XP level 12. HP: 65/70 MP: 4/25
 15785 | D:11     | Reached ***** piety under Vehumet
 15833 | D:11     | Offered knowledge of Poison Arrow by Vehumet.
 16362 | D:11     | Found a staircase to the Orcish Mines.
 16385 | D:11     | Found Kieck's Armour Shop.
 16427 | D:11     | Found Bippiust's Armour Shop.
 17354 | D:3      | Killed Yorgos's ghost
 17483 | D:6      | Killed xccam's ghost
 17526 | D:6      | Learned a level 6 spell: Poison Arrow
 17597 | Lair:1   | Entered Level 1 of the Lair of Beasts
 17810 | Lair:1   | Upgraded the game from 0.24-a0-271-ga0fc33f to
                  | 0.24-a0-272-g1411513
 18152 | Lair:1   | Reached skill level 10 in Dodging
 19562 | Lair:2   | Reached skill level 10 in Fighting
 19886 | Lair:2   | Found a staircase to the Shoals.
 19898 | Lair:2   | Offered knowledge of Spellforged Servitor by Vehumet.
 19999 | Lair:2   | Reached XP level 13. HP: 82/82 MP: 10/26
 20655 | Lair:2   | Got a spiked chain mail
 20756 | Lair:3   | Learned a level 7 spell: Spellforged Servitor
 21030 | Lair:3   | Reached skill level 10 in Spellcasting
 21959 | Lair:3   | Identified the +0 chain mail "Urphemee" {MR+ Str+3 Dex-3}
                  | (You found it on level 2 of the Lair of Beasts)
 23160 | Lair:4   | Found a hole to the Spider Nest.
 23384 | Lair:5   | Found a blossoming altar of Fedhas.
 24471 | Lair:6   | Entered Level 6 of the Lair of Beasts
 24471 | Lair:6   | Found a viscous altar of Jiyva.
 24471 | Lair:6   | Found a staircase to the Slime Pits.
 24738 | Lair:6   | Found a frozen archway.
 24754 | IceCv    | Entered an ice cave
 24759 | IceCv    | Reached skill level 9 in Conjurations
 25345 | IceCv    | Reached skill level 10 in Conjurations
 25562 | IceCv    | Reached XP level 14. HP: 84/88 MP: 16/31
 26013 | IceCv    | Reached skill level 11 in Conjurations
 26677 | IceCv    | Reached skill level 12 in Conjurations
 27299 | IceCv    | Noticed a frost giant
 27302 | IceCv    | Killed a frost giant
 27302 | IceCv    | Reached skill level 13 in Conjurations
 27470 | Lair:6   | Offered knowledge of Bolt of Magma by Vehumet.
 27935 | Lair:5   | Slain by a spiny frog

Levels and vault maps discovered:
D:1:      dpeg_arrival_morbid_curiosity, layout_basic
D:2:      layout_basic, lemuel_doored_altar, makhleb_blood_cavern_becter,
          eat_drink_and_be_merry_uskayaw
D:3:      layout_basic, lemuel_coloured_pillars_altar,
          cheibrodos_ashenzari_chains, ebering_ghost_disaster_area,
          minmay_box_of_dots
D:4:      layout_basic, minmay_temple_entry_mini_moons, first_ration,
          serial_shops, kennysheep_mini, shop_statue, shop_fountains,
          serial_bayou_ford_a, chequers_big_river, uniq_robin
D:5:      layout_loops_ring, nicolae_dithmenos_the_darkroom
D:6:      layout_basic, kennysheep_little_box, nicolae_overflow_crystal_walls,
          lemuel_crystal_altar, gammafunk_ghost_smash, grunt_ministairs_9
D:7:      minmay_the_grid_four_pointed_star
          [minmay_the_grid_triangle_9x9_shrine,
          minmay_the_grid_triangle_9x9_minimal,
          minmay_the_grid_triangle_9x9_dagger,
          minmay_the_grid_triangle_9x9_alien,
          minmay_the_grid_prize_four_corners], layout_basic,
          kennysheep_mini_moat, roderic_batcave, uniq_harold, uniq_menkaure,
          uniq_prince_ribbit1
D:8:      layout_rooms, overflow_temple_1_default, xom_confusion_cloud,
          erik_lair_orcish_takeover, uniq_grum, uniq_erica, uniq_joseph
D:9:      layout_gridville, lemuel_round_altar
D:10:     layout_layer_cave, uniq_urug
D:11:     layout_rooms, hiddenorc1_lemuel, serial_shops, shop_statue, shop
Temple:   jpeg_temple_island
Lair:1:   layout_gridlike, infiniplex_staircase_pool, lemuel_fruit_tree
Lair:2:   layout_loops_ring, elwin_shoals_entry_rooms, minivault_25,
          minmay_lair_oklob_chamber
Lair:3:   layout_regular_city, beast_lair_carwin_6
Lair:4:   layout_long_grid, spider_nest_entry_funnel_web
Lair:5:   layout_loops_ring, basic_altar
Lair:6:   minmay_lair_end_frog_pond, layout_regular_city, slime_altar_1,
          portal_ice_cave_entry_pillars_2, dpeg_oklob_1, serial_bayou_shore_b
IceCv:    ice_cave_caverns_02

Skill      XL: |  1  2  3  4  5  6  7  8  9 10 11 12 13 14 |
---------------+-------------------------------------------+-----
Air Magic      | 5 6 8 10 11 12 | 12.0
Spellcasting   | 3 4 6 8 12 | 12.0
Shields        | 1 4 |  4.0
Fighting       | 2 4 6 10 | 10.0
Dodging        | 3 4 7 8 10 | 10.0
Ice Magic      | 2 4 |  4.1
Charms         | 2 |  2.1
Evocations     | 1 4 |  4.2
Stealth        | 5 |  5.2
Conjurations   | 4 8 10 13 | 13.6

Action                   |  1- 3 |  4- 6 |  7- 9 | 10-12 | 13-15 || total
-------------------------+-------+-------+-------+-------+-------++-------
Melee: Dagger            |    38 |    77 |   113 |   175 |       ||   403
       Mace              |     5 |       |       |       |       ||     5
       Kick              |     5 |    12 |    33 |    75 |    26 ||   151
       Peck              |     6 |    12 |    20 |    57 |    11 ||   106
       Scimitar          |       |       |       |   121 |    65 ||   186
Throw: Javelin           |       |       |       |     7 |     1 ||     8
 Cast: Shock             |    31 |    59 |    44 |    38 |    13 ||   185
       Airstrike         |       |    10 |    56 |   261 |   207 ||   534
       Static Discharge  |       |       |    10 |    22 |    52 ||    84
       Ozocubu's Armour  |       |       |     1 |    10 |       ||    11
       Lightning Bolt    |       |       |       |    35 |    61 ||    96
       Swiftness         |       |       |       |     2 |     1 ||     3
       Freeze            |       |       |       |     2 |       ||     2
       Mephitic Cloud    |       |       |       |    13 |       ||    13
       Throw Icicle      |       |       |       |     4 |       ||     4
 Abil: Fly               |       |       |       |     1 |       ||     1
Evoke: Wand              |       |       |       |    17 |     7 ||    24
  Use: Scroll            |     1 |    12 |     8 |    13 |    11 ||    45
       Potion            |       |       |       |     6 |     3 ||     9
 Stab: Sleeping          |     9 |     5 |     1 |     6 |     1 ||    22
       Confused          |       |       |       |     3 |       ||     3
  Eat: Chunk             |     1 |    13 |    17 |    52 |    27 ||   110
       Ration            |       |       |     1 |     6 |     2 ||     9
Armor: Robe              |    13 |    32 |    32 |    72 |       ||   149
       Ring mail         |       |       |       |     4 |    33 ||    37
Dodge: Dodged            |    33 |    62 |   100 |   336 |   154 ||   685
Block: Buckler           |       |       |    22 |   104 |    54 ||   180
       Rpst.: Scimitar   |       |       |       |    64 |    42 ||   106

Table legend:
 A = Non-vault XP
 B = Vault XP
 C = Vault XP percentage of total XP
 D = Non-vault monster count
 E = Vault monster count
 F = Vault count percentage of total count
                 A         B        C        D         E       F
            +---------+---------+-------+---------+---------+-------
      Total |   41634 |   26948 |  39.3 |     345 |     166 |  32.5
            +---------+---------+-------+---------+---------+-------
        D:1 |      44 |      10 |  18.5 |      22 |       5 |  18.5
        D:2 |      38 |      42 |  52.5 |      15 |       1 |   6.2
        D:3 |      66 |     165 |  71.4 |      12 |       4 |  25.0
        D:4 |      92 |      35 |  27.6 |      11 |      11 |  50.0
        D:5 |    1407 |       0 |   0.0 |      22 |       0 |   0.0
        D:6 |     447 |     989 |  68.9 |      10 |       6 |  37.5
        D:7 |     795 |    4107 |  83.8 |      31 |      35 |  53.0
        D:8 |     400 |    2004 |  83.4 |       8 |      17 |  68.0
        D:9 |    2832 |       0 |   0.0 |      33 |       0 |   0.0
       D:10 |    4578 |     820 |  15.2 |      43 |       4 |   8.5
       D:11 |    4549 |     176 |   3.7 |      32 |      14 |  30.4
     Lair:1 |    6095 |       0 |   0.0 |      27 |       0 |   0.0
     Lair:2 |    5037 |     157 |   3.0 |      21 |       1 |   4.5
     Lair:3 |    4456 |    1815 |  28.9 |      19 |       8 |  29.6
     Lair:4 |    4307 |     805 |  15.7 |      18 |       3 |  14.3
     Lair:5 |    3978 |     181 |   4.4 |      14 |       1 |   6.7
     Lair:6 |    2513 |    1978 |  44.0 |       7 |       8 |  53.3
      IceCv |       0 |   13664 | 100.0 |       0 |      48 | 100.0
            +---------+---------+-------+---------+---------+-------
